 Dungeon Crawl Stone Soup version 0.17-a0-369-ge05c439 (webtiles) character file.

8506 ThermosAquaticus the Martial Artist (level 11, -4/55 HPs)
             Began as a Vine Stalker Transmuter on Mar 31, 2015.
             Was a High Priest of Cheibriados.
             Slain by Maud
             ... wielding a +4 great sword
              (14 damage)
             ... on level 10 of the Dungeon.
             The game lasted 00:45:06 (9362 turns).

ThermosAquaticus the Martial Artist (VSTm)          Turns: 9362, Time: 00:45:06

Health: -4/55      AC:  9    Str: 31    XL:     11   Next: 31%
Magic:  0/16       EV: 19    Int: 29    God:    Cheibriados [*****.]
Gold:   515        SH:  0    Dex: 28    Spells: 4 memorised, 6 levels left

rFire  + . .     SeeInvis .       - Unarmed
rCold  . . .     Clarity  .     I - +2 ring mail {rF+}
rNeg   . . .     SustAb   .     (shield currently unavailable)
rPois  .         Gourm    .     k - +0 helmet
rElec  .         Spirit   +     (no cloak)
rCorr  .         Warding  .     (gloves currently unavailable)
rMut   .         Stasis   .     (no boots)
MR     +....                    (no amulet)
Stlth  ++........               q - ring of wizardry
                                C - +5 ring of strength

@: blade hands, studying Evocations, very slow, somewhat resistant to hostile
enchantments, unstealthy
A: fangs 3, regeneration 2, shaggy fur 1, magic shield, antimagic bite, no
device heal 3, rot immunity
a: End Transformation, Bend Time, Temporal Distortion, Slouch, Step From Time,
Renounce Religion


You were on level 10 of the Dungeon.
You worshipped Cheibriados.
Cheibriados was extremely pleased with you.
You were very hungry.
You had blades for hands.
You visited 2 branches of the dungeon, and saw 11 of its levels.

You collected 515 gold pieces.

Inventory:

Hand weapons
 w - a +1 blowgun (melded)
Missiles
 b - 88 arrows
 j - 78 poisoned needles
 r - 11 tomahawks (quivered)
Armour
 k - a +0 helmet (worn)
 I - a +2 ring mail of fire resistance (worn)
 K - a +0 pair of gloves (melded)
 M - a +2 robe of cold resistance
Jewellery
 f - an uncursed ring of positive energy
 l - an uncursed ring of fire
 q - a ring of wizardry (right scythe-like blade)
 C - a +5 ring of strength (left scythe-like blade)
 P - a cursed ring of loudness {unknown}
 Q - an uncursed amulet of stasis
 R - an uncursed ring of protection from fire {unknown}
Magical devices
 O - a wand of magic darts (21)
Scrolls
 h - 2 scrolls of immolation {unknown}
 i - a scroll of random uselessness {unknown}
 s - a scroll of enchant armour
 t - 6 scrolls of remove curse
 v - 4 scrolls of teleportation
 x - 5 scrolls of recharging
 y - a scroll of enchant weapon
 A - a scroll of magic mapping {unknown}
 F - 2 scrolls of amnesia
 H - a scroll of identify
 N - a scroll of brand weapon {unknown}
Potions
 c - a potion of brilliance
 e - 4 potions of agility
 m - a potion of magic
 n - 2 potions of lignification
 o - 2 potions of heal wounds
 p - 3 potions of might
 D - 2 potions of curing
 E - a potion of mutation
 J - 2 potions of restore abilities
 L - a potion of ambrosia
Books
 d - a book of Changes

   Spells                             Type                      Level
   a - Beastly Appendage              Transmutation                1
   b - Sticks to Snakes               Transmutation                2
   c - Spider Form                    Transmutation/Poison         3
   d - Ice Form                       Ice/Transmutation            4
   e - Blade Hands                    Transmutation                5
 G - a manual of Evocations
Comestibles
 a - 5 bread rations
 g - 3 fruits
 u - a royal jelly
 z - 2 beef jerkies
 B - 4 meat rations


   Skills:
 - Level 5.0 Fighting
 - Level 7.5 Dodging
 - Level 11.1 Unarmed Combat
 + Level 4.1 Spellcasting
 - Level 6.7 Transmutations
   Level 1.0 Poison Magic
 + Level 4.5 Invocations


You had 6 spell levels left.
You knew the following spells:

 Your Spells              Type           Power        Failure   Level  Hunger
a - Beastly Appendage     Trmt           #####.       6%          1    None
b - Sticks to Snakes      Trmt           #####.....   6%          2    None
c - Ice Form              Ice/Trmt       ####....     38%         4    ####...
d - Blade Hands           Trmt           #####.....   32%         5    #####..


Dungeon Overview and Level Annotations

Branches:
Dungeon (10/15)            Temple (1/1) D:6            Lair (0/8) D:10
    Orc (0/4) D:9

Altars:
Cheibriados
Dithmenos
Elyvilon
Fedhas
Gozag
Kikubaaqudgha
Makhleb
Nemelex Xobeh
Qazlal
Sif Muna
Vehumet
Yredelemnul
The Shining One

Shops:
D:10 (

Annotations:
D:10 Maud


Innate Abilities, Weirdness & Mutations

You have razor-sharp teeth.
You heal very quickly.
You are covered in fur (AC +1).
When hurt, damage is shared between your health and your magic reserves.
Your bite disrupts and absorbs the magic of your enemies.
Potions and wands cannot restore your health.
You are immune to rotting.


Message History

Your +1 blowgun melds into your body.
Your +0 pair of gloves melds into your body.
You hit Maud. You bite Maud! You drain her power.
You feel invigorated.
Maud is lightly wounded.
Maud hits you with an enchanted great sword!!
You shred Maud!!! Your bite misses Maud.
Maud is heavily wounded.
You shred Maud!!! You slash Maud. You bite Maud, but do no damage.
Maud is almost dead.
Maud hits you with an enchanted great sword!
You hit Maud but do no damage. You bite Maud, but do no damage.
Maud is almost dead.
Maud hits you with an enchanted great sword!!
* * * LOW HITPOINT WARNING * * *
You hit Maud. You bite Maud. You drain her power.
You feel invigorated.
Maud is almost dead.
You barely miss Maud. You bite Maud, but do no damage.
Maud is almost dead.
Maud hits you with an enchanted great sword!!
You die...

#.# #####.# ####.#
#...#.# # ...#.#
#.#.#.# #
#..#^#######.#.#.#
#
#..#.#.........#.#
#
#..#.#.#####.###.#
#
#..#.#.##..#..<..#
#
##.@#.#.##..#..####
# #...@.#.##..#..#
###.....##..#..#
####..##..#..#
#..##..#..#
#..##..#..######
#...............
#.####...#######
#..............#
#####...######.#


You could see Maud.

Vanquished Creatures
  Erolcha (D:10)
  3 hill giants
  A komodo dragon (D:10)
  An efreet (D:9)
  A troll (D:10)
  A deep elf mage (D:10)
  2 wraiths (D:10)
  4 hippogriffs
  2 hungry ghosts (D:10)
  A soldier ant (D:9)
  4 ice beasts
  6 orc warriors
  A necrophage (D:5)
  2 phantoms
  2 black bears
  5 sky beasts
  4 ogres
  2 big kobolds
  3 giant frogs
  12 killer bees
  2 scorpions
  10 wights
  3 crimson imps
  A jelly (D:10)
  A goliath beetle (D:8)
  7 hounds
  4 orc priests
  A gnoll shaman (D:5)
  10 orc wizards
  A centaur zombie (D:9)
  4 iguanas
  A quasit (D:5)
  A giant frog skeleton (D:8)
  5 worker ants
  18 gnolls
  2 adders
  3 giant mites
  3 worms
  An adder zombie (D:9)
  3 giant geckos (D:5)
  38 orcs
  15 bats
  A bat skeleton (D:5)
  8 giant cockroaches
  13 hobgoblins
  14 jackals
  3 oozes
  9 quokkas
  2 ball pythons
  A giant newt (D:3)
  12 goblins
  15 kobolds
  A quokka zombie (D:5)
  9 rats
  10 ballistomycetes (D:6)
290 creatures vanquished.

Vanquished Creatures (others)
  A human (D:3)
  A worker ant (D:6)
  2 giant spores (D:6)
  4 plants (D:10)
8 creatures vanquished.

Grand Total: 298 creatures vanquished

Notes
Turn   | Place    | Note
--------------------------------------------------------------
     0 | D:1      | ThermosAquaticus, the Vine Stalker Transmuter, began the quest for the Orb.
     0 | D:1      | Reached XP level 1. HP: 9/9 MP: 4/4
    99 | D:1      | Reached XP level 2. HP: 9/14 MP: 5/5
   103 | D:1      | Learned a level 2 spell: Sticks to Snakes
   517 | D:1      | Reached skill level 4 in Unarmed Combat
   544 | D:1      | Reached XP level 3. HP: 15/17 MP: 4/6
   549 | D:1      | Learned a level 3 spell: Spider Form
  2134 | D:3      | Reached skill level 1 in Poison Magic
  2134 | D:3      | Reached XP level 4. HP: 21/21 MP: 7/7
  2319 | D:3      | Found a burning altar of Makhleb.
  2319 | D:3      | Noticed a big kobold
  2332 | D:3      | Killed a big kobold
  2332 | D:3      | Reached XP level 5. HP: 25/25 MP: 8/8
  2694 | D:3      | Found an ancient bone altar of Kikubaaqudgha.
  2694 | D:3      | Noticed a human
  2697 | D:3      | Killed a human
  3061 | D:4      | Noticed an ogre
  3073 | D:4      | Killed an ogre
  3073 | D:4      | Gained mutation: You heal very quickly. [Vine Stalker growth]
  3073 | D:4      | Reached XP level 6. HP: 29/29 MP: 10/10
  3230 | D:4      | Reached skill level 5 in Transmutations
  3254 | D:4      | Learned a level 5 spell: Blade Hands
  3723 | D:5      | Entered Level 5 of the Dungeon
  3723 | D:5      | Found an opulent altar of Gozag.
  3824 | D:5      | Reached skill level 6 in Transmutations
  3824 | D:5      | Reached XP level 7. HP: 11/32 MP: 7/11
  4210 | D:5      | Reached skill level 5 in Unarmed Combat
  4538 | D:5      | Gained mutation: You have razor-sharp teeth. [Vine Stalker growth]
  4538 | D:5      | Reached XP level 8. HP: 15/37 MP: 2/12
  4718 | D:5      | Reached skill level 7 in Unarmed Combat
  5041 | D:6      | Found a staircase to the Ecumenical Temple.
  5060 | Temple   | Entered the Ecumenical Temple
  5074 | Temple   | Became a worshipper of Cheibriados the Contemplative
  5145 | D:6      | Reached skill level 8 in Unarmed Combat
  5145 | D:6      | Reached skill level 1 in Invocations
  5756 | D:7      | Reached XP level 9. HP: 40/40 MP: 13/13
  6000 | D:7      | Acquired Cheibriados' first power
  6000 | D:7      | Reached skill level 9 in Unarmed Combat
  6254 | D:7      | Found a deep blue altar of Sif Muna.
  6445 | D:7      | Reached skill level 1 in Fighting
  6733 | D:7      | Learned a level 4 spell: Ice Form
  6979 | D:8      | Reached skill level 5 in Dodging
  7112 | D:8      | Reached XP level 10. HP: 31/48 MP: 5/14
  7161 | D:8      | Acquired Cheibriados' second power
  7614 | D:8      | Noticed a hill giant
  7619 | D:8      | Killed a hill giant
  7707 | D:9      | Found a staircase to the Orcish Mines.
  7803 | D:9      | Acquired Cheibriados' third power
  8106 | D:9      | Noticed a hill giant
  8119 | D:9      | Killed a hill giant
  8581 | D:10     | Entered Level 10 of the Dungeon
  8593 | D:10     | Reached skill level 5 in Fighting
  8598 | D:10     | Noticed Erolcha
  8620 | D:10     | Killed Erolcha
  8620 | D:10     | Reached skill level 10 in Unarmed Combat
  8620 | D:10     | Reached XP level 11. HP: 53/55 MP: 13/15
  8684 | D:10     | Found Mabruryrch's Antique Weapon Shop.
  8720 | D:10     | Acquired Cheibriados' fourth power
  9066 | D:10     | Reached skill level 11 in Unarmed Combat
  9079 | D:10     | Found a staircase to the Lair.
  9220 | D:10     | Noticed a hill giant
  9254 | D:10     | Killed a hill giant
  9354 | D:10     | Noticed Maud
  9362 | D:10     | Slain by Maud

Action                   |  1- 3 |  4- 6 |  7- 9 | 10-12 || total
-------------------------+-------+-------+-------+-------++-------
Melee: Unarmed           |    33 |       |   309 |   169 ||   511
       Whip              |    99 |    66 |    46 |       ||   211
 Fire: Blowgun           |     4 |    65 |    72 |    27 ||   168
Throw: Tomahawk          |     6 |       |       |       ||     6
 Cast: Beastly Appendage |     2 |       |       |       ||     2
       Blade Hands       |       |       |    10 |    14 ||    24
       Spider Form       |       |       |     1 |       ||     1
       Ice Form          |       |       |     1 |       ||     1
  Use: Scroll            |       |       |    14 |     2 ||    16
 Stab: Sleeping          |       |     5 |    10 |     2 ||    17
       Distracted        |       |     2 |       |     1 ||     3
  Eat: Chunk             |     4 |     5 |    14 |     9 ||    32
